 Dungeon Crawl Stone Soup version 0.28-a0-983-g1de4e0787c (webtiles) character file.

Game seed: 15320083043556157613

48 Lavandula the Poker (level 3, -3/26 HPs)
             Began as an Octopode Chaos Knight on Dec 3, 2021.
             Was a Plaything of Xom.
             Slain by a worm (11 damage)
             ... on level 4 of the Dungeon.
             The game lasted 00:02:19 (1630 turns).

Lavandula the Poker (Octopode Chaos Knight)         Turns: 1630, Time: 00:02:19

Health: -3/26      AC:  1    Str: 11    XL:     3   Next: 72%
Magic:  3/3        EV: 13    Int: 14    God:    Xom [*.....]
Gold:   125        SH:  0    Dex: 13    Spells: 2/2 levels left

rFire   . . .      SeeInvis .   a - +0 spear (chaos)
rCold   . . .      Faith    .   (no shield)
rNeg    . . .      Spirit   .   (helmet restricted)
rPois   .          Reflect  .   (no amulet)
rElec   .          Harm     .   (no ring)
rCorr   .          Rampage  .   (no ring)
Will    .....                   (no ring)
Stlth   ++........              (no ring)
HPRegen 0.08/turn               (no ring)
MPRegen 0.08/turn               (no ring)
                                (no ring)
                                (no ring)

@: no status effects
A: almost no armour, amphibious, 8 rings, camouflage 1, gelatinous body 1,
(nimble swimmer 1), tentacles
a: Renounce Religion


You were on level 4 of the Dungeon.
You worshipped Xom.
You were a special plaything of Xom.
You visited 1 branch of the dungeon, and saw 4 of its levels.

You collected 125 gold pieces.

Inventory:

Hand Weapons
 a - a +0 spear of chaos (weapon)
Scrolls
 c - a scroll of fear
 d - a scroll of fog
Potions
 e - a potion of invisibility {unknown}
 f - a potion of lignification {unknown}


   Skills:
 - Level 3.0 Fighting
 + Level 4.6 Polearms
 - Level 2.3 Dodging


You had 2 spell levels left.
You didn't know any spells.
Your spell library contained the following spells:

 Spells                   Type           Power      Damage    Failure   Level
 Magic Dart               Conj           0%         1d3       28%         1
 Call Imp                 Summ           0%         N/A       41%         2
 Mephitic Cloud           Conj/Pois/Air  0%         N/A       65%         3
 Blade Hands              Tmut           0%         N/A       100%        5
 Irradiate                Conj/Tmut      0%         3d14      100%        5
 Dragon Form              Tmut           0%         N/A       100%        7


Dungeon Overview and Level Annotations

Branches:
Dungeon (4/15)
 Temple: D:4-7

Altars:

Annotations:
D:4 exclusion: adder


Innate Abilities, Weirdness & Mutations

You cannot wear most types of armour.
You are amphibious.
You can wear up to eight rings at the same time.
Your skin changes colour to match your surroundings (Stealth+).
Your rubbery body absorbs attacks. (AC +1, EV +1)
((You are camouflaged near water. (Stealth+)))
You have tentacles for arms and can constrict up to eight enemies at once.


Message History

You climb downwards.
You hear the sound of rushing water.
There is an entrance to a sewer on this level.
Hurry and find it before the portal rusts away!
Reactivating autopickup.
Found a pair of gloves, a plate armour, a dagger and a fizzy dark potion.
There is a stone staircase leading up here.
As you read the scroll labelled YRUXZI DICW, it crumbles to dust.
It is a scroll of identify.
c - a scroll of fear
As you read the scroll of identify, it crumbles to dust.
d - a scroll of fog
As you read the scroll labelled FIL ZULIRUGUKYPS, it crumbles to dust.
It is a scroll of enchant armour.
You aren't carrying any armour which can be enchanted further.
An adder comes into view.
Found 2 murky dark potions.
A worm comes into view.
There is a stone staircase leading up here.
Xom grants you insight.
You detect creatures!
Reach: a) +0 spear (chaos)
Press: ? - help, Dir - move target, f - worm
Aim: a worm (about 20% to evade your +0 spear of chaos)
You reach to attack!
You barely miss the worm.
Reach: a) +0 spear (chaos)
Press: ? - help, Dir - move target, f/p - worm
Aim: a worm (about 20% to evade your +0 spear of chaos)
You reach to attack!
You hit the worm. You freeze the worm.
The worm is lightly wounded.
Unknown command.
You hit the worm but do no damage. You grab the worm.
The worm is lightly wounded.
You constrict the worm.
Unknown command.
You hit the worm.
The worm goes berserk!
Xom thinks this is hilarious!
You squeeze the worm.
The worm is moderately wounded.
You constrict the worm. The worm bites you!
You die...

## #### .. ...
#####.#####.# #
..........#.##..##S
...[...............
.......##<#########
B ......[w@..#
.....).....#
#..!.......# S
≈!.....#####
....... ......
..### ..


You could see a worm (berserk).

Vanquished Creatures
  A worm (D:3)
  A dart slug (D:1)
  3 orcs (D:3)
  3 bats
  5 endoplasms
  6 goblins
  6 hobgoblins
  A quokka (D:3)
  2 ball pythons (D:2)
  A frilled lizard (D:1)
  3 kobolds
  4 rats
36 creatures vanquished.

Vanquished Creatures (others)
  A plant (D:3)
1 creature vanquished.

Grand Total: 37 creatures vanquished

Notes
Turn   | Place    | Note
-------+----------+-------------------------------------------
     0 | D:1      | Lavandula the Octopode Chaos Knight began the quest for the
                  | Orb.
     0 | D:1      | Reached XP level 1. HP: 16/16 MP: 1/1
   185 | D:1      | XOM: silly message
   202 | D:1      | XOM: cloud trail
   210 | D:1      | XOM: confuse monster(s)
   252 | D:1      | XOM: divination: detect items
   270 | D:1      | Reached XP level 2. HP: 21/21 MP: 2/2
   374 | D:1      | XOM: god gift: +2 cloak of preservation
   808 | D:2      | Found a faded altar of an unknown god.
   873 | D:2      | XOM: noise
   898 | D:2      | Reached skill level 4 in Polearms
   908 | D:2      | XOM: 5-stop teleportation journey
   997 | D:2      | XOM: 2-stop teleportation journey
  1009 | D:2      | Reached XP level 3. HP: 26/26 MP: 3/3
  1597 | D:3      | XOM: blink monster(s)
  1623 | D:4      | XOM: divination: detect creatures
  1630 | D:4      | Slain by a worm

Illustrated notes

Levels and vault maps discovered:
D:1:      saegor_arrival_simple_d, layout_loops_ring
D:2:      layout_basic, ebering_ecumenical_altar_ruins
D:3:      layout_rooms, xom_redecorated, serial_shops,
          nicolae_shop_hallway_stairs, serial_bayou_lagoon_a,
          guppyfry_early_orc_mine
D:4:      layout_basic, temple_statues, cheibrodos_sewer_entry_drain

Skill      XL: |  1  2 |
---------------+-------+-----
Polearms       | 4 |  4.6
Fighting       | |  3.0
Dodging        | |  2.3

Action                   || total
-------------------------++-------
Melee: Spear             ||    79
       Constrict         ||    17
       Tentacles         ||     6
  Use: Scroll            ||     3
 Stab: Sleeping          ||     9
       Confused          ||     1
Armor: Skin              ||     1
Dodge: Dodged            ||    16

Table legend: (Time is in decaauts)
 A = Elapsed time spent in this place.
 B = Non-inter-level travel time spent in this place.
 C = Inter-level travel time spent in this place.
 D = Time resting spent in this place.
 E = Time spent auto-exploring this place.
 F = Levels seen in this place.
 G = Mean time per level.
                   A        B        C        D        E       F      G
               +--------+--------+--------+--------+--------+-----+--------+
         Total |   1621 |   1530 |     91 |      0 |   1302 |   4 |  405.2 |
       Dungeon |   1621 |   1530 |     91 |      0 |   1302 |   4 |  405.2 |
               +--------+--------+--------+--------+--------+-----+--------+

Top non-repeatable levels by time:
     D:1: 683 daAuts
     D:2: 675 daAuts
     D:3: 242 daAuts
     D:4: 20 daAuts
